 Dungeon Crawl Stone Soup version 0.30-a0-1116-gebefce21f7 (webtiles) character file.

Game seed: 1712885430670466186

614 Twinkles the Conjurer (level 7, -1/52 HPs)
             Began as a Human Conjurer on Apr 21, 2023.
             Succumbed to a scorpion's poison
             ... on level 6 of the Dungeon on Apr 22, 2023.
             The game lasted 00:19:27 (4516 turns).

Twinkles the Conjurer (Human Conjurer)              Turns: 4516, Time: 00:19:28

Health: -1/52      AC:  4    Str:  7    XL:     7   Next: 73%
Magic:  3/12       EV: 13    Int: 20    God:
Gold:   165        SH:  0    Dex: 12    Spells: 10/13 levels left

rFire   . . .      SeeInvis .    v - +2 short sword (elec)
rCold   . . .      Faith    .    (no shield)
rNeg    . . .      Spirit   +    a - +0 robe
rPois   .          Reflect  .    (no helmet)
rElec   .          Rampage  .    (no cloak)
rCorr   .                        p - +0 pair of gloves
Will    .....                    b - +0 pair of boots
Stlth   ++                       n - amulet of guardian spirit
HPRegen 0.28/turn                (no ring)
MPRegen 0.13/turn                (no ring)

@: lethally poisoned (-1 -> -17)
A: no striking features
a: no special abilities


You were on level 6 of the Dungeon.
You visited 1 branch of the dungeon, and saw 8 of its levels.

You collected 165 gold pieces.

Inventory:

Hand Weapons
 v - a +2 short sword of electrocution (weapon)
 z - a +0 dagger
 A - the +7 quarterstaff "Vaafeush" {spect, Stlth+}
   (You found it on level 6 of the Dungeon)

   Stlth:     It makes you more stealthy.
Missiles
 r - 5 atropa-tipped darts
Armour
 a - a +0 robe (worn)
 b - a +0 pair of boots (worn)
 p - a +0 pair of gloves (worn)
 s - an orb of light
Magical Staves
 x - a staff of cold
Jewellery
 n - an amulet of guardian spirit (around neck)
 q - a ring of ice
Wands
 d - a wand of digging (2)
 t - a wand of quicksilver (7)
Scrolls
 c - a scroll of immolation {unknown}
 e - 5 scrolls of identify {unknown}
 f - 3 scrolls of enchant armour {unknown}
 h - 2 scrolls of blinking {unknown}
 j - a scroll of magic mapping {unknown}
 l - 2 scrolls of noise {unknown}
 m - 3 scrolls of enchant weapon {unknown}
 y - a scroll of vulnerability {unknown}
Potions
 g - a potion of berserk rage {unknown}
 i - 3 potions of attraction {unknown}
 k - 4 potions of lignification {unknown}
 o - 2 potions of degeneration {unknown}
 u - 2 potions of cancellation {unknown}
 w - a potion of haste {unknown}
 J - 4 potions of curing
 N - 3 potions of heal wounds
 Q - a potion of magic


   Skills:
 + Level 3.1 Fighting
 + Level 3.9 Dodging
 + Level 4.2 Stealth
 + Level 3.6 Spellcasting
 + Level 5.3 Conjurations


You had 10 spell levels left.
You knew the following spells:

 Your Spells              Type           Power      Damage    Failure   Level
a - Magic Dart            Conj           100%       1d8       1%          1
b - Searing Ray           Conj           50%        2d6       2%          2

Your spell library contained the following spells:

 Spells                   Type           Power      Damage    Failure   Level
 Dazzling Flash           Conj/Hex       28%        N/A       13%         3
 Stone Arrow              Conj/Erth      28%        3d8       13%         3
 Sandblast                Erth           6%         2d5       14%         1
 Slow                     Hex            12%        N/A       14%         1
 Passwall                 Tmut/Erth      2%         N/A       21%         2
 Confusing Touch          Hex            3%         N/A       38%         3
 Vampiric Draining        Necr           3%         2d6       38%         3
 Fulminant Prism          Conj/Hex       7%         3d7       41%         4
 Iskenderun's Mystic Bla  Conj/Tloc      14%        2d5       41%         4
 Animate Dead             Necr           3%         N/A       80%         4
 Freezing Cloud           Conj/Ice/Air   5%         6-21      87%         5
 Agony                    Necr           3%         N/A       98%         5
 Borgnjor's Vile Clutch   Necr/Erth      1%         N/A       98%         5
 Silence                  Hex/Air        1%         N/A       98%         5
 Summon Mana Viper        Hex/Summ       3%         N/A       98%         5
 Death Channel            Necr           1%         N/A       100%        6
 Monstrous Menagerie      Summ           1%         N/A       100%        7


Dungeon Overview and Level Annotations

Branches:
Dungeon (8/15) Zot: 26976
 Temple: D:4-7         Lair: D:8-11

Altars:
Fedhas
Hepliaklqana
Okawaru
Sif Muna
Trog
Yredelemnul
Zin

Shops:
D:1 *

Annotations:
D:4 3 runed translucent doors, exclusion: ogre, Newt's ghost, novice DsGl; qeuew's ghost, amateur GrFi; rogue's ghost, weakling KoBe
D:5 exclusions: orc warrior and orc wizard


Message History

The black bear attacks as you move away!
The black bear completely misses you. The black bear closely misses you. x2
A wyvern zombie comes into view.
You feel sick. The scorpion attacks as you move away! The scorpion stings you.
You are more poisoned.
The scorpion poisons you!
The black bear attacks as you move away!
The black bear barely misses you. x3
You feel very sick. The scorpion barely misses you.
Found a scroll labelled BIWOICVIAL.
You feel sick. The wyvern zombie bites you!
A jelly comes into view.
The wyvern zombie attacks as you move away!
The wyvern zombie bites you.
* * * LOW HITPOINT WARNING * * *
The black bear attacks as you move away!
The black bear bites you!
* * * LOW HITPOINT WARNING * * *
The black bear barely misses you. The black bear claws you.
* * * LOW HITPOINT WARNING * * *
x2 You feel sick.
The scorpion attacks as you move away! The scorpion stings you.
* * * LOW HITPOINT WARNING * * *
An orc wizard comes into view. It is wielding a +0 dagger.
* * * LOW HITPOINT WARNING * * *
You feel sick.
The orc wizard shouts!
You hear a shout! x2
The wyvern zombie closely misses you.
The black bear attacks as you move away!
The black bear misses you. The black bear closely misses you.
The black bear claws you but does no damage.
The wyvern zombie attacks as you move away!
The wyvern zombie barely misses you. The scorpion attacks as you move away!
The scorpion stings you.
* * * LOW HITPOINT WARNING * * *
You are more poisoned.
The scorpion poisons you!
An orc comes into view. It is wielding a +0 whip.
You die...

.o. .#### ...
..... .o .## #....
##.###..# .##...
#...#...#
..#...##........
...)...#........
....(..@....# ..
PP..........#.#
.~.~~.hZs.....#
.≈~~~...o..#..#
.~~~~?#...## ..
..~~..##.Z.# .
P.~...##so## ...#
...........#.....
.#..##..#ooo#.....


You could see a black bear, 2 scorpions, an orc wizard, 3 orcs, a wyvern zombie
and a centaur skeleton.

Vanquished Creatures
  Grinder (D:3)
  A water moccasin (D:3)
  2 scorpions
  2 hounds
  An iguana (D:5)
  3 adders
  A white imp (D:5)
  2 dart slugs (D:2)
  An orc (D:3)
  9 endoplasms
  4 giant cockroaches (D:1)
  8 goblins
  3 hobgoblins
  2 jackals (D:1)
  8 kobolds
  A quokka (D:4)
  4 ball pythons
  5 bats
  5 frilled lizards
  3 rats
66 creatures vanquished.

Vanquished Creatures (others)
  3 fungi (D:3)
  5 plants (D:3)
  4 withered plants (D:4)
12 creatures vanquished.

Grand Total: 78 creatures vanquished

Notes
Turn   | Place    | Note
-------+----------+-------------------------------------------
     0 | D:1      | Twinkles the Human Conjurer began the quest for the Orb.
     0 | D:1      | Reached XP level 1. HP: 13/13 MP: 3/3
   271 | D:1      | Reached XP level 2. HP: 20/20 MP: 0/5
   274 | D:1      | Learned a level 2 spell: Searing Ray
   594 | D:1      | Found Estrol's Assorted Antiques.
   796 | D:1      | Reached XP level 3. HP: 25/25 MP: 4/6
  1087 | D:2      | Reached skill level 1 in Fighting
  1301 | D:2      | Found a faded altar of an unknown god.
  1700 | D:2      | Got the Octavo of the Massed Snowflakes
  1823 | D:3      | Noticed a water moccasin
  2188 | D:3      | Noticed Grinder
  2203 | D:3      | Paralysed by Grinder for 5 turns
  2223 | D:3      | Paralysed by Grinder for 3 turns
  2274 | D:4      | Reached XP level 4. HP: 24/32 MP: 2/7
  2362 | D:4      | Found a runed translucent gate.
  2362 | D:4      | Found a runed translucent gate.
  2362 | D:4      | Found a runed translucent gate.
  2366 | D:4      | Noticed rogue's ghost (weakling KoBe)
  2366 | D:4      | Noticed qeuew's ghost (amateur GrFi)
  2367 | D:4      | Noticed Newt's ghost (novice DsGl)
  2419 | D:4      | Noticed an ogre
  2465 | D:4      | Noticed a scorpion
  2981 | D:3      | Killed Grinder
  2982 | D:3      | Reached XP level 5. HP: 37/39 MP: 2/9
  2982 | D:3      | Reached XP level 6. HP: 43/45 MP: 2/10
  2991 | D:3      | Killed a water moccasin
  2992 | D:3      | Reached skill level 5 in Conjurations
  2992 | D:3      | Reached XP level 7. HP: 36/51 MP: 0/11
  3133 | D:3      | Found a blossoming altar of Fedhas.
  3188 | D:3      | Found a hazy altar of Hepliaklqana.
  3274 | D:3      | Found a faded altar of an unknown god.
  3279 | D:3      | Found a glowing silver altar of Zin.
  4073 | D:5      | Entered Level 5 of the Dungeon
  4073 | D:5      | Found a shimmering blue altar of Sif Muna.
  4276 | D:5      | Found a basalt altar of Yredelemnul.
  4317 | D:5      | Found a bloodstained altar of Trog.
  4468 | D:5      | Found an iron altar of Okawaru.
  4470 | D:5      | You fall into a shaft and drop 3 floors!
  4505 | D:6      | Identified the +7 quarterstaff "Vaafeush" {spect, Stlth+}
  4514 | D:6      | HP: 15/52 [wyvern zombie (3)]
  4515 | D:6      | HP: 7/52 [scorpion (1)]
  4516 | D:6      | HP: 3/52 [scorpion (2)]
  4516 | D:6      | Succumbed to a scorpion's poison

Illustrated notes

Levels and vault maps discovered:
D:1:      matt_arrival_refuge, layout_basic, serial_shops,
          nicolae_shop_tiny_statue_garden, minmay_worlds_worst_comb
D:2:      layout_loops_ring, dreamdust_ecumenical_altar_statues
D:3:      layout_loops_corners, nicolae_overflow_ecumenical_swirl,
          fedhas_altar_3, mainiacjoe_overflow_paths, nrook_campfire,
          st_stairs_10, uniq_grinder
D:4:      layout_basic, gammafunk_ghost_cemetery
D:5:      kennysheep_kobold_camp, layout_gridville,
          mainiacjoe_overflow_alcove_1, lemuel_doored_altar,
          grunt_temple_overflow_open
D:6:      layout_cave_pools, serial_undead, serial_undead_e, serial_undead_f,
          serial_undead_a, serial_undead_f, enter_ossuary_4, uniq_blork_the_orc
D:7:      layout_basic, minmay_temple_entry_poolview, serial_shops, shop,
          minmay_misc_feat_secret_circle
D:8:      layout_basic, nemelex_diamond_rough_becter

Skill      XL: |  1  2  3  4  5  6  7 |
---------------+----------------------+-----
Fighting       | 1 2 3 |  3.1
Dodging        | 3 |  3.9
Stealth        | 3 4 |  4.2
Spellcasting   | 3 |  3.6
Conjurations   | 5 |  5.3

Action                     |  1- 3 |  4- 6 |  7- 9 || total
---------------------------+-------+-------+-------++-------
  Melee: Unarmed           |     2 |       |       ||     2
         Dagger            |    43 |     9 |       ||    52
         Short sword       |       |    11 |    16 ||    27
   Cast: Magic Dart        |    70 |     6 |    17 ||    93
         Searing Ray       |     3 |     3 |     7 ||    13
   Stab: Sleeping          |     1 |     1 |     2 ||     4
 Armour: Robe              |    21 |     8 |     5 ||    34
  Dodge: Dodged            |    36 |    12 |    28 ||    76

Table legend: (Time is in decaauts)
 A = Elapsed time spent in this place.
 B = Non-inter-level travel time spent in this place.
 C = Inter-level travel time spent in this place.
 D = Time resting spent in this place.
 E = Time spent auto-exploring this place.
 F = Levels seen in this place.
 G = Mean time per level.
                   A        B        C        D        E       F      G
               +--------+--------+--------+--------+--------+-----+--------+
         Total |   4516 |   4310 |    206 |    150 |   3170 |   8 |  564.5 |
       Dungeon |   4516 |   4310 |    206 |    150 |   3170 |   8 |  564.5 |
               +--------+--------+--------+--------+--------+-----+--------+

Top non-repeatable levels by time:
     D:3: 1282 daAuts
     D:1: 1062 daAuts
     D:4: 938 daAuts
     D:2: 830 daAuts
     D:5: 357 daAuts
     D:6: 23 daAuts
     D:7: 15 daAuts
     D:8: 5 daAuts
